 Dungeon Crawl Stone Soup version 0.32-a0-450-g080537f31e (webtiles) character file.

Game seed: 4334630792115849708

50 javelincjr the Trooper (level 3, 0/30 HPs)
             Began as a Demonspawn Monk on Feb 23, 2024.
             Slain by a hobgoblin (3 damage)
             ... led by Robin
             ... on level 2 of the Dungeon.
             The game lasted 00:02:20 (716 turns).

javelincjr the Trooper (Demonspawn Monk)             Turns: 716, Time: 00:02:20

Health: 0/30       AC:  2    Str: 13    XL:     3   Next: 55%
Magic:  3/3        EV: 13    Int: 10    God:
Gold:   29         SH:  0    Dex: 15    Spells: 2/2 levels left

rFire   . . .        a - +0 hand axe
rCold   . . .        d - orb {light}
rNeg    . . .        b - +0 robe
rPois   .            (no helmet)
rElec   .            (no cloak)
rCorr   .            (no gloves)
SInv    .            (no boots)
Will    .....        (no amulet)
Stlth   +            e - ring of wizardry
HPRegen 0.25/turn    (no ring)
MPRegen 0.08/turn

%: wizardry (x1)
@: glowing
A: claws 1, demonic magic 1
a: no special abilities


You were on level 2 of the Dungeon.
You visited 1 branch of the dungeon, and saw 2 of its levels.

You collected 29 gold pieces.

Inventory:

Hand Weapons
 a - a +0 hand axe (weapon)
 f - a +0 spear
Armour
 b - a +0 robe (worn)
 d - an orb of light (worn)
Jewellery
 e - a ring of wizardry (left claw)
Scrolls
 h - a scroll of identify {unknown}


   Skills:
 * Level 3.7 Fighting
 + Level 3.0 Axes
 + Level 1.0 Armour
 + Level 3.1 Dodging


You had 2 spell levels left.
You didn't know any spells.
Your spell library was empty.

Dungeon Overview and Level Annotations

Branches:
Dungeon (1/15)

Altars:

Annotations:
D:2 Robin


Innate Abilities, Weirdness & Mutations

You have sharp fingernails.
Spells you cast may paralyse adjacent enemies.


Message History

You completely miss the goblin.
The goblin is severely wounded.
The goblin closely misses you. Robin throws the goblin at you!
The goblin hits you but does no damage.
You barely miss the goblin.
The goblin is heavily wounded.
You hit the goblin.
You kill the goblin!
Robin hits you but does no damage. The goblin misses you.
You barely miss the goblin.
The goblin is heavily wounded.
Robin closely misses you. The goblin barely misses you.
Robin hits you from afar with a +0 spear.
* * * LOW HITPOINT WARNING * * *
You hit the goblin.
The goblin is severely wounded.
The goblin closely misses you. Robin barely misses you.
The goblin closely misses you.
You hit the goblin.
You kill the goblin!
Robin barely misses you. Robin completely misses you.
You see here a +0 club.
You hit Robin.
Robin is moderately wounded.
Robin misses you.
You hit Robin but do no damage.
Robin is moderately wounded.
Robin barely misses you.
You hit Robin.
Robin is heavily wounded.
Robin barely misses you.
You hit Robin.
Robin is almost dead.
You hit Robin but do no damage.
Robin is almost dead.
You hit the hobgoblin. Robin hits you with a +0 spear.
* * * LOW HITPOINT WARNING * * *
The hobgoblin hits you.
You die...

#.##.# #.# ..##.######## #.#
g #.#.........###.###### .g
#.#.......#.##)......####g..
..........#.#...##..........
###.........................
# #............†)....)......
# #.........#..#.###)####...
#.........##.#@###g# ..
########.###..ggg).# .
#.......##### #####.### #.#
#. #


You could see Robin, a hobgoblin (strong) and a goblin (strong).

Vanquished Creatures
  An adder (D:2)
  3 ball pythons (D:1)
  2 bats (D:1)
  3 endoplasms (D:1)
  A giant cockroach (D:2)
  12 goblins
  2 hobgoblins
  4 quokkas
  3 kobolds
  2 rats
33 creatures vanquished.

Notes
Turn   | Place    | Note
-------+----------+-------------------------------------------
     0 | D:1      | javelincjr the Demonspawn Monk began the quest for the Orb.
     0 | D:1      | Reached XP level 1. HP: 18/18 MP: 1/1
   159 | D:1      | Gained mutation: You have sharp fingernails. [demonic
                  | ancestry]
   159 | D:1      | Reached XP level 2. HP: 8/24 MP: 2/2
   161 | D:1      | HP: 1/24 [kobold/+0 short sword (3)]
   593 | D:1      | You fall into a shaft and drop 1 floor!
   670 | D:2      | Noticed Robin
   673 | D:2      | Gained mutation: Spells you cast may paralyse adjacent
                  | enemies. [demonic ancestry]
   673 | D:2      | Reached XP level 3. HP: 28/29 MP: 3/3
   687 | D:2      | HP: 1/29 [goblin/+2 dagger of freezing[Robin] (2)]
   701 | D:2      | Reached skill level 1 in Armour
   716 | D:2      | Slain by a hobgoblin

Illustrated notes

Levels and vault maps discovered:
D:1:      onia_arrival_mini_spirals, layout_basic
D:2:      layout_loops_cross, uniq_robin

Skill      XL: |  1  2  3 |
---------------+----------+-----
Dodging        | 3 |  3.1
Axes           | 3 |  3.0
Armour         | 1 |  1.0
Fighting       | |  3.7

Action                     || total
---------------------------++-------
  Melee: Hand axe          ||   101
    Use: Potion            ||     2
 Armour: Robe              ||    64
  Dodge: Dodged            ||    73

Table legend: (Time is in decaauts)
 A = Elapsed time spent in this place.
 B = Non-inter-level travel time spent in this place.
 C = Inter-level travel time spent in this place.
 D = Time resting spent in this place.
 E = Time spent auto-exploring this place.
 F = Levels seen in this place.
 G = Mean time per level.
                   A        B        C        D        E       F      G
               +--------+--------+--------+--------+--------+-----+--------+
         Total |    730 |    730 |      0 |     93 |    464 |   2 |  365.0 |
       Dungeon |    730 |    730 |      0 |     93 |    464 |   2 |  365.0 |
               +--------+--------+--------+--------+--------+-----+--------+

Top non-repeatable levels by time:
     D:1: 600 daAuts
     D:2: 129 daAuts
